AoeStats
← Michi3052

Enclosed

504883551Analyzed
1v1 RM · 27d ago on Sep 6, 2026· 46m 21s· 2 players
Game mode
Random Map
Map size
Tiny (2 player)
Population
200
Speed
Normal
Resources
Standard
Victory
Conquest
Starting age
Dark Age
Ending age
Imperial Age
RankedLock teamsTeams togetherTeam positionsShared explorationLock speedFull tech treeHidden civsTurbo modeCheats
Victory
Defeat
🇪🇸 Spanish · Spain
672
+17
🇹🇼 Tupi · Taiwan
701
-17
Michi3052
11:55 Feudal Age
13:13 Double-Bit Axe
20:23 Castle Age
24:08 Gold Mining
25:04 Wheelbarrow
24:14 Town Watch
25:31 Husbandry
25:41 Loom
29:27 Bloodlines
31:30 Stone Mining
32:08 Ballistics
33:52 Hand Cart
34:00 Hand Cart
36:00 Padded Archer Armor
35:51 Fletching
36:07 Scale Barding Armor
36:13 Scale Barding Armor
39:05 Bodkin Arrow
39:27 Leather Archer Armor
40:19 Horse Collar
43:45 Chain Barding Armor
43:37 Forging
43:43 Masonry
haoyu
13:26 Feudal Age
13:56 Champi Runner
15:47 Loom
16:38 Wheelbarrow
15:50 Town Watch
21:00 Castle Age
20:49 Fletching
25:53 Horse Collar
34:14 Double-Bit Axe
34:41 Elite Skirmisher
40:55 Gold Mining
41:57 Pikeman
43:00 Squires
42:47 Arson
42:24 Champi Warrior
43:34 Padded Archer Armor
47:13 Imperial Age
Connection lost

Rejoining the realm…

Still unreachable

The connection could not be restored.

Session expired

The server has moved on; the page needs a fresh start.